cohdb
Replays
Latest Replays
All Replays
Popular Replays
Top Player Replays
Match Explorer
How It Works
Community
CoH3 Stats
Reddit
Sign in to upload your games and track your stats! →
Sign in with Steam
Match 46343450
Unlisted
Match 46343450
Overview
Messages
Build Orders
End
Engineer Squad
Selects Special Operations Battlegroup
Selects M29 Weasel Recon Vehicle
M29 Weasel Recon Vehicle
Construct Weapon Support Center
M1919 Machine Gun Team
M1919 Machine Gun Team
Selects Raiding Flares
Sniper
Air Support Center
Engineer Squad
M3 Armored Personnel Carrier
Grasshopper Recon Run
P-47 Dive Bomb
P-47 Dive Bomb
Selects SSF Commando Squad
SSF Commando Squad
Construct Tank Depot
SSF Commando Squad
M4A1 Sherman Medium Tank
P-47 Dive Bomb
SSF Commando Squad
Selects P-47 Anti-Infantry Loiter
Selects UNKNOWN (2162291)
P-47 Dive Bomb
M4A1 Sherman Whizbang
M4A1 Sherman Medium Tank
M4A1 Sherman Medium Tank
P-47 Anti-Infantry Loiter
Grasshopper Recon Run
Selects Assault Operation
P-47 Strafing Run
M4A1 Sherman Whizbang
Grasshopper Recon Run
Raiding Flares
M18 Hellcat Tank Destroyer
Stormless
Grunka Lunka
Major Storm
VonmansteinAG
0
0
Comments
sign in to comment!
No comments posted yet!